 Dungeon Crawl Stone Soup version 0.18-a0-1789-gbeff17f (webtiles) character file.

608 SkaryMonk the Changer (level 7, -1/43 HPs)
             Began as an Octopode Transmuter on Apr 21, 2016.
             Was a Believer of Yredelemnul.
             Slain by an ogre
             ... wielding a +0 giant club
              (15 damage)
             ... on level 6 of the Dungeon.
             The game lasted 00:38:20 (5460 turns).

SkaryMonk the Changer (Octopode Transmuter)         Turns: 5460, Time: 00:38:22

Health: -1/43      AC:  1    Str:  9    XL:     7   Next: 43%
Magic:  18/19      EV: 12    Int: 17    God:    Yredelemnul [**....]
Gold:   233        SH:  0    Dex: 13    Spells: 3 memorised, 4 levels left

rFire  . . .     SeeInvis .       - Unarmed
rCold  . . .     Gourm    .     (no shield)
rNeg   . . .     Faith    .     (helmet restricted)
rPois  .         Spirit   .     (no amulet)
rElec  .         Dismiss  .     p - ring of magical power
rCorr  .         Reflect  .     x - ring of protection from magic
SustAt .         Harm     .     (no ring)
MR     +....                    (no ring)
Stlth  ++........               (no ring)
                                (no ring)
                                (no ring)
                                (no ring)

@: appendage, invisible, somewhat resistant to hostile enchantments, unstealthy
A: almost no armour, amphibious, 8 rings, constrict 8, tentacle spike 3,
camouflage 1, gelatinous body 1
a: End Transformation, Animate Remains, Recall Undead Slaves, Injury Mirror,
Renounce Religion


You were on level 6 of the Dungeon.
You worshipped Yredelemnul.
Yredelemnul was pleased with you.
You were not hungry.
One of your tentacles had a temporary spike.
You visited 1 branch of the dungeon, and saw 6 of its levels.

You collected 233 gold pieces.

Notes
Turn   | Place    | Note
--------------------------------------------------------------
     0 | D:1      | SkaryMonk the Octopode Transmuter began the quest for the Orb.
     0 | D:1      | Reached XP level 1. HP: 13/13 MP: 3/3
   536 | D:1      | Reached XP level 2. HP: 17/18 MP: 5/5
   965 | D:2      | Learned a level 2 spell: Sticks to Snakes
  1002 | D:2      | Found a blossoming altar of Fedhas.
  1016 | D:2      | Reached XP level 3. HP: 23/23 MP: 0/6
  1021 | D:2      | Learned a level 3 spell: Spider Form
  1097 | D:2      | Found a basalt altar of Yredelemnul.
  1110 | D:2      | Became a worshipper of Yredelemnul the Dark
  1464 | D:3      | Reached XP level 4. HP: 23/28 MP: 7/7
  1762 | D:3      | Reached skill level 5 in Unarmed Combat
  2411 | D:3      | Reached * piety under Yredelemnul
  2422 | D:3      | Reached XP level 5. HP: 28/33 MP: 8/8
  2820 | D:4      | Reached skill level 3 in Transmutations
  2829 | D:4      | Noticed a phantom
  2908 | D:4      | Found a bloodstained altar of Trog.
  3042 | D:4      | Found an ancient bone altar of Kikubaaqudgha.
  3096 | D:4      | Reached skill level 4 in Transmutations
  3096 | D:4      | Reached XP level 6. HP: 30/38 MP: 9/9
  3508 | D:4      | Reached skill level 5 in Transmutations
  3541 | D:4      | Found a snail-covered altar of Cheibriados.
  3630 | D:4      | Reached skill level 1 in Poison Magic
  3769 | D:5      | Entered Level 5 of the Dungeon
  4180 | D:5      | Reached XP level 7. HP: 43/43 MP: 10/10
  4212 | D:5      | Reached ** piety under Yredelemnul
  4420 | D:5      | Reached skill level 6 in Transmutations
  5460 | D:6      | Slain by an ogre

Inventory:

Jewellery
 p - a ring of magical power (left tentacle)
 x - a ring of protection from magic (right tentacle)
Wands
 y - a wand of paralysis (17/24)
Scrolls
 e - 2 scrolls of immolation
 f - 2 scrolls of remove curse
 g - a scroll of recharging
 k - 2 scrolls of random uselessness {unknown}
 m - 2 scrolls of enchant armour {unknown}
 o - 2 scrolls of fog {unknown}
 q - a scroll of blinking {unknown}
 s - a scroll of noise {unknown}
 u - a scroll of amnesia {unknown}
Potions
 j - 2 potions of cancellation
 r - 2 potions of curing
 t - 3 potions of brilliance
 v - a potion of agility {unknown}
 w - a potion of might {unknown}
 z - a potion of flight {unknown}
 A - a potion of haste {unknown}
Books
 b - a book of Changes

   Spells                             Type                      Level
   a - Beastly Appendage              Transmutation                1
   b - Sticks to Snakes               Transmutation                2
   c - Spider Form                    Transmutation/Poison         3
   d - Ice Form                       Ice/Transmutation            4
   e - Blade Hands                    Transmutation                5
Comestibles
 c - 4 bread rations
 i - a beef jerky
 n - 17 fruits

Table legend:
 A = Turns spent in this place as a percentage of turns spent in the entire game.
 B = Non-inter-level travel turns spent in this place as a percentage of non-inter-level travel turns spent in the entire game.
 C = Inter-level travel turns spent in this place as a percentage of turns spent in this place.
 D = Turns resting spent in this place as a percentage of non-inter-level travel turns spent in this place.
 E = Turns spent auto-exploring this place as a percentage of non-inter-level travel turns spent in this place.
 F = Non-inter-level travel turns spent in this place divided by the number of levels of this place that you've seen.
                   A       B       C       D       E      F
               +-------+-------+-------+-------+-------+----------------------
         Total | 100.0 | 100.0 |   0.5 |   3.4 |  12.8 | 191.2
       Dungeon | 100.0 | 100.0 |   0.5 |   3.4 |  12.8 | 191.2
               +-------+-------+-------+-------+-------+----------------------


   Skills:
 - Level 1.0 Fighting
 - Level 2.0 Dodging
 - Level 5.2 Unarmed Combat
 - Level 2.0 Spellcasting
 + Level 6.4 Transmutations
 - Level 2.0 Poison Magic


You had 4 spell levels left.
You knew the following spells:

 Your Spells              Type           Power        Failure   Level  Hunger
a - Beastly Appendage     Trmt           ###...       1%          1    #......
b - Sticks to Snakes      Trmt           ###.....     2%          2    ###....
c - Spider Form           Trmt/Pois      ###.......   12%         3    ###....


Dungeon Overview and Level Annotations

Branches:
Dungeon (6/15)
 Temple: D:4-7

Altars:
Cheibriados
Fedhas
Kikubaaqudgha
Trog
Yredelemnul


Innate Abilities, Weirdness & Mutations

You cannot wear most types of armour.
You are amphibious.
You can wear up to eight rings at the same time.
You can use your tentacles to constrict eight enemies at once.
Your skin changes colour to match your surroundings (Stealth).
Your rubbery body absorbs attacks (AC +1).
One of your tentacles bears a large vicious spike.


Message History

You tentacle-slap the ogre.
The ogre is lightly wounded.
The ogre barely misses you.
Your ball python bites the ogre.
You barely miss the ogre.
The ogre is lightly wounded.
The ogre hits you with a giant club!!
Ouch! That really hurt!
* * * LOW HITPOINT WARNING * * *
Your ball python barely misses the ogre.
Your ball python bites the ogre.
Something bites the ogre.
There is a stone staircase leading up here.
Read which item? (? for menu, Esc to quit)
Okay, then.
Unknown command.
Drink which item? (? for menu, Esc to quit)
You fade into invisibility!
Your ball python bites the ogre.
The ogre hits you with a giant club!
You die...
Your body rises from the dead as a mindless zombie.

#.#.. #.#.#
######.#.#
#........#
#.####....../..
#.# ##########
#S# #O# #@#
#...# #####


You could see an ogre and a friendly ball python.

Table legend:
 A = Kills in this place as a percentage of kills in entire the game.
 B = Kills by you in this place as a percentage of kills by you in the entire game.
 C = Kills by friends in this place as a percentage of kills by friends in the entire game.
 D = Other kills in this place as a percentage of other kills in the entire game.
 E = Experience gained in this place as a percentage of experience gained in the entire game.
 F = Experience gained in this place divided by the number of levels of this place that you have seen.
                   A       B       C       D       E      F
               +-------+-------+-------+-------+-------+----------------------
         Total | 100.0 | 100.0 | 100.0 |  -nan | 100.0 | 144.8
       Dungeon | 100.0 | 100.0 | 100.0 |  -nan | 100.0 | 144.8
               +-------+-------+-------+-------+-------+----------------------

Vanquished Creatures
  A howler monkey (D:4)
  A hound (D:4)
  An orc priest (D:5)
  2 orc wizards
  2 iguanas (D:4)
  3 worker ants
  5 adders
  2 shadow imps (D:5)
  An ooze (D:2)
  3 worms (D:3)
  2 dart slugs
  4 giant geckos
  14 orcs
  A ball python (D:4)
  7 bats
  3 giant cockroaches
  10 goblins
  9 hobgoblins
  7 kobolds
  3 quokkas
  5 giant newts
  6 rats
92 creatures vanquished.

Vanquished Creatures (collateral kills)
  A sky beast (D:5)
  A hound (D:4)
  A giant frog zombie (D:5)
  2 orc wizards
  An adder (D:2)
  3 orcs
9 creatures vanquished.

Vanquished Creatures (others)
  5 orc zombies
5 creatures vanquished.

Grand Total: 106 creatures vanquished

Action                   |  1- 3 |  4- 6 |  7- 9 || total
-------------------------+-------+-------+-------++-------
Melee: Unarmed           |    85 |   148 |    45 ||   278
       Constrict         |    22 |    31 |     6 ||    59
       Kick              |    11 |    29 |     6 ||    46
       Tentacles         |     8 |    25 |     6 ||    39
       Punch             |     3 |     3 |     1 ||     7
 Cast: Beastly Appendage |    10 |    16 |     3 ||    29
       Sticks to Snakes  |     1 |    11 |     8 ||    20
Invok: Animate Remains   |       |     4 |     5 ||     9
  Use: Scroll            |     3 |     4 |     2 ||     9
       Potion            |       |     1 |     1 ||     2
 Stab: Sleeping          |     6 |     3 |       ||     9
       Distracted        |       |     2 |       ||     2
  Eat: Chunk             |     2 |     8 |     1 ||    11
       Beef jerky        |       |     1 |       ||     1
       Meat ration       |       |       |     1 ||     1
Armor: Skin              |     9 |     5 |     4 ||    18
Dodge: Dodged            |    46 |    68 |    21 ||   135

Vault maps used:
D:1:      mushboom_english_gardens
D:2:      lemuel_upstairs_altar, fedhas_altar_3, corexii_hall_statues_i,
          yredelemnul_altar_generic
D:3:      bh_walls_and_bars
D:4:      overflow_temple_1_default, bloody_trog, marbit_many_paths,
          kennysheep_generic_room_16
D:5:      first_bread
D:6:      zin_scriptorium, serial_shops, shop, basic_altar, uniq_edmund
